 Dungeon Crawl Stone Soup version 0.28.0-47-ge53b351184 (webtiles) character file.

Game seed: 7069405414301452367

14 Ablot the Cutter (level 2, -8/29 HPs)
             Began as a Gnoll Chaos Knight on Apr 25, 2022.
             Was a Plaything of Xom.
             Engulfed by a cloud of flame (26 damage)
             ... on level 1 of the Dungeon.
             The game lasted 00:01:21 (727 turns).

Ablot the Cutter (Gnoll Chaos Knight)                Turns: 727, Time: 00:01:22

Health: -8/29      AC:  6    Str: 11    XL:     2   Next: 45%
Magic:  2/2        EV: 12    Int: 11    God:    Xom [..*...]
Gold:   26         SH:  0    Dex: 11    Spells: 1/1 levels left

rFire   . . .      SeeInvis .   a - +0 short sword (chaos)
rCold   . . .      Faith    .   c - orb {mayhem}
rNeg    . . .      Spirit   .   b - +2 leather armour
rPois   .          Reflect  .   j - +0 helmet
rElec   .          Harm     .   d - scarf {shadows}
rCorr   .          Rampage  .   (no gloves)
Will    .....                   (no boots)
Stlth   +.........              (no amulet)
HPRegen 0.09/turn               (no ring)
MPRegen 0.08/turn               (no ring)

@: no status effects
A: fangs 1, strong nose, distributed training
a: Renounce Religion


You were on level 1 of the Dungeon.
You worshipped Xom.
You were a toy of Xom.
You visited 1 branch of the dungeon, and saw 1 of its levels.

You collected 26 gold pieces.

Inventory:

Hand Weapons
 a - a +0 short sword of chaos (weapon)
Missiles
 f - 2 poisoned darts (quivered)
 h - 15 stones
 i - 4 silver boomerangs
Armour
 b - a +2 leather armour (worn)
 c - an orb of mayhem (worn)
 d - a scarf of shadows (worn)
 j - a +0 helmet (worn)
Scrolls
 g - 2 scrolls of identify {unknown}
Potions
 e - 3 potions of degeneration {unknown}


   Skills:
 + Level 6.5 Fighting
 + Level 6.5 Short Blades
 + Level 0.4 Long Blades
 + Level 0.4 Axes
 + Level 0.4 Maces & Flails
 + Level 0.4 Polearms
 + Level 0.4 Staves
 + Level 0.4 Slings
 + Level 0.4 Bows
 + Level 0.4 Crossbows
 + Level 0.4 Throwing
 + Level 4.5 Armour
 + Level 2.5 Dodging
 + Level 0.4 Stealth
 + Level 0.4 Shields
 + Level 0.4 Unarmed Combat
 + Level 0.4 Spellcasting
 + Level 0.2 Conjurations
 + Level 0.2 Hexes
 + Level 0.2 Summonings
 + Level 0.2 Necromancy
 + Level 0.2 Translocations
 + Level 0.2 Transmutations
 + Level 0.2 Fire Magic
 + Level 0.2 Ice Magic
 + Level 0.2 Air Magic
 + Level 0.2 Earth Magic
 + Level 0.2 Poison Magic
 + Level 0.5 Invocations
 + Level 0.4 Evocations


You had one spell level left.
You didn't know any spells.
Your spell library was empty.

Dungeon Overview and Level Annotations

Branches:
Dungeon (1/15)

Altars:


Innate Abilities, Weirdness & Mutations

You have very sharp teeth.
Your uncanny sense of smell can sniff out nearby items.
Your experience applies equally to all skills.


Message History

Really walk into a travel-excluded area?
Found 8 gold pieces.
Really walk into that cloud of flame?
You are engulfed in blazing flames.
Ouch! That really hurt!
* * * LOW HITPOINT WARNING * * *
Things that are here:
a +0 whip; a kobold corpse A jackal comes into view.
The jackal barks!
The jackal barely misses you.
You are too injured to fight recklessly!
You are too injured to fight recklessly!
You are too injured to fight recklessly!
You hit the jackal.
You feel better.
The jackal is lightly wounded.
The jackal closely misses you.
You hit the jackal but do no damage.
The jackal is lightly wounded.
The jackal misses you.
You hit the jackal but do no damage.
The jackal is lightly wounded.
The jackal bites you but does no damage.
You hit the jackal but do no damage.
The jackal is lightly wounded.
The jackal closely misses you.
You hit the jackal.
The jackal evaporates and reforms as a ball python!
You bite the ball python, but do no damage.
The ball python is heavily wounded.
The ball python closely misses you. x2
You hit the ball python.
You feel better.
You kill the ball python!
You start resting.
HP restored.
Really walk into a travel-excluded area?
You are engulfed in blazing flames.
You are engulfed in blazing flames.
Ouch! That really hurt!
You die...

.##.##.####.........######.#.##
.#.....#...........## #....###
.....######...###### ##.....#
......# #§§°# ##....... ..#####
#§°☼# ### #........ .## #.# #§○§#
#.# #........
.####.#####...#####.#####........
)##....°○☼.$$..○§○...............
.......§§§..$..°@§....)..........
.......§§§..$$.§§§.######........
#####.#####...###### ##.......
#.# #§.§# ##.....# #.# #§○§#
####### #.# #§☼○# #.#####...#
#........# ##########


There were no monsters in sight!

Vanquished Creatures
  An endoplasm (D:1)
  A goblin (D:1)
  3 quokkas (D:1)
  3 ball pythons (D:1)
  A frilled lizard (D:1)
  3 kobolds (D:1)
  A rat (D:1)
13 creatures vanquished.

Vanquished Creatures (others)
  A jackal (D:1)
1 creature vanquished.

Grand Total: 14 creatures vanquished

Notes
Turn   | Place    | Note
-------+----------+-------------------------------------------
     0 | D:1      | Ablot the Gnoll Chaos Knight began the quest for the Orb.
     0 | D:1      | Reached XP level 1. HP: 23/23 MP: 1/1
    72 | D:1      | XOM: silly message
   302 | D:1      | Reached XP level 2. HP: 29/29 MP: 2/2
   727 | D:1      | Engulfed by a cloud of flame

Illustrated notes

Levels and vault maps discovered:
D:1:      dpeg_arrival_houses_and_road, layout_rooms,
          chequers_hall_statues_wall_a, lemuel_flame_loot_1

Action                   || total
-------------------------++-------
Melee: Short sword       ||    45
       Bite              ||     3
Armor: Leather armour    ||    14
Dodge: Dodged            ||    31
